 Dungeon Crawl Stone Soup version 0.18.1-48-g4cf74bf (webtiles) character file.

168 Gargoyl the Skirmisher (level 5, -19/42 HPs)
             Began as a Demonspawn Abyssal Knight on July 5, 2016.
             Was a Believer of Lugonu.
             Demolished by an ogre
             ... wielding a +0 giant spiked club
              (21 damage)
             ... on level 4 of the Dungeon.
             The game lasted 00:05:46 (2771 turns).

Gargoyl the Skirmisher (Demonspawn Abyssal Knight)  Turns: 2771, Time: 00:05:47

Health: -19/42     AC:  9    Str: 14    XL:     5   Next: 24%
Magic:  6/6        EV:  4    Int: 13    God:    Lugonu [**....]
Gold:   211        SH:  9    Dex: 12    Spells: 0 memorised, 4 levels left

rFire  . . .     SeeInvis .     a - +2 hand axe
rCold  . . .     Gourm    .     t - +0 chain mail
rNeg   + . .     Faith    .     i - +2 shield
rPois  .         Spirit   .     (no helmet)
rElec  .         Dismiss  .     (no cloak)
rCorr  .         Reflect  .     (no gloves)
SustAt .         Harm     .     (no boots)
MR     +....                    (no amulet)
Stlth  ..........               j - ring of positive energy
                                w - ring of protection from magic

@: somewhat resistant to hostile enchantments, extremely unstealthy
A: talons 1, spiny 1
a: Depart the Abyss, Bend Space, Renounce Religion


You were on level 4 of the Dungeon.
You worshipped Lugonu.
Lugonu was pleased with you.
You were not hungry.

You visited 1 branch of the dungeon, and saw 4 of its levels.
You visited the Abyss 1 time.

You collected 211 gold pieces.

Inventory:

Hand Weapons
 a - a +2 hand axe (weapon)
Armour
 i - a +2 shield (worn)
 t - a +0 chain mail (worn)
Jewellery
 j - a ring of positive energy (right hand)
 o - an uncursed ring of magical power {unknown}
 w - a ring of protection from magic (left hand)
Scrolls
 f - a scroll of enchant weapon
 r - 3 scrolls of amnesia
Potions
 b - a potion of flight {unknown}
 e - a potion of experience {unknown}
 h - 2 potions of agility {unknown}
 k - 2 potions of cancellation {unknown}
 l - 2 potions of curing {unknown}
 m - 2 potions of heal wounds {unknown}
 n - a potion of resistance {unknown}
 q - a potion of might {unknown}
 s - a potion of magic {unknown}
Comestibles
 c - 5 bread rations
 d - a beef jerky
 g - 4 chunks of flesh
 p - a meat ration


   Skills:
 + Level 3.9 Fighting
 + Level 2.2 Axes
 * Level 2.8 Armour
 + Level 2.2 Dodging
 + Level 0.4 Stealth
 + Level 1.5 Shields
 + Level 2.4 Invocations


You had 4 spell levels left.
You didn't know any spells.

Dungeon Overview and Level Annotations

Branches:
Dungeon (4/15)
 Temple: D:4-7

Altars:
Makhleb
Zin

Annotations:
D:3 baghtru's ghost, amateur HOFi


Innate Abilities, Weirdness & Mutations

You have sharp toenails.
You are partially covered in sharp spines.


Message History

The ogre shouts!
You slash the ogre! You claw the ogre.
The ogre is moderately wounded.
You block the ogre's attack.
Your shield prevents you from hitting the ogre.
The ogre is moderately wounded.
The ogre hits you with a giant spiked club!!
Ouch! That really hurt!
You hit the ogre.
The ogre is heavily wounded.
You block the ogre's attack.
You closely miss the ogre. You claw the ogre.
The ogre is heavily wounded.
The ogre hits you with a giant spiked club!
* * * LOW HITPOINT WARNING * * *
You hit the ogre. You claw the ogre, but do no damage.
The ogre is severely wounded.
The ogre hits you with a giant spiked club!!
Ouch! That really hurt!
You die...

....... #.............##
..............# #
#.............. ##
#.............## .#
..............# .##
#...........O.## ..#
#...........@..#
..####............#####
..##..........>..####.###
..#..##..........###....###
...####........#..#.......#
...# ##......###.#.......#
...# #.......##.........#
...# ##..###..#.........#
.... #.####''##........#


You could see an ogre.

Vanquished Creatures
  A crimson imp (D:3)
  An iguana (D:4)
  3 adders
  A worm (D:2)
  4 dart slugs (D:1)
  5 giant geckos
  7 bats
  6 giant cockroaches (D:3)
  7 goblins
  4 hobgoblins
  6 jackals
  2 quokkas
  A giant newt (D:1)
  13 kobolds
  7 rats
68 creatures vanquished.

Vanquished Creatures (others)
  A bat (D:1)
1 creature vanquished.

Grand Total: 69 creatures vanquished

Notes
Turn   | Place    | Note
--------------------------------------------------------------
     0 | Abyss:1  | Gargoyl the Demonspawn Abyssal Knight began the quest for the Orb.
     0 | Abyss:1  | Reached XP level 1. HP: 18/18 MP: 2/2
   108 | Abyss:1  | Noticed a starcursed mass
   109 | D:1      | Escaped the Abyss
   124 | D:1      | Reached skill level 1 in Dodging
   155 | D:1      | Reached * piety under Lugonu
   159 | D:1      | Gained mutation: You have sharp toenails. [demonic ancestry]
   159 | D:1      | Reached XP level 2. HP: 2/24 MP: 3/3
   835 | D:1      | Reached XP level 3. HP: 28/29 MP: 4/4
  1490 | D:2      | Reached ** piety under Lugonu
  1731 | D:2      | Found a glowing silver altar of Zin.
  1842 | D:3      | Gained mutation: You are partially covered in sharp spines. [demonic ancestry]
  1842 | D:3      | Reached XP level 4. HP: 35/37 MP: 5/5
  1995 | D:3      | Found a burning altar of Makhleb.
  2002 | D:3      | Reached skill level 1 in Shields
  2161 | D:3      | Noticed baghtru's ghost (amateur HOFi)
  2619 | D:4      | Reached XP level 5. HP: 38/42 MP: 6/6
  2763 | D:4      | Noticed an ogre
  2770 | D:4      | HP: 2/42 [ogre/giant spiked club (15)]
  2771 | D:4      | Demolished by an ogre

Skill      XL: |  1  2  3  4 |
---------------+-------------+-----
Dodging        | 1 2 |  2.2
Armour         | 2 |  2.8
Axes           | 2 |  2.2
Shields        | 1 |  1.5
Fighting       | |  3.9
Stealth        | |  0.4
Invocations    | |  2.4

Action                   |  1- 3 |  4- 6 || total
-------------------------+-------+-------++-------
Melee: Hand axe          |   129 |    48 ||   177
       Kick              |    21 |    16 ||    37
Invok: Depart the Abyss  |     1 |       ||     1
       Bend Space        |       |     1 ||     1
  Use: Scroll            |     5 |     1 ||     6
 Stab: Sleeping          |     1 |       ||     1
  Eat: Chunk             |     3 |     3 ||     6
Armor: Ring mail         |    56 |     8 ||    64
       Chain mail        |       |     7 ||     7
Dodge: Dodged            |    63 |    15 ||    78
Block: Shield            |    57 |    29 ||    86
